 Dungeon Crawl Stone Soup version 0.29.1-15-g9cfb28693d (webtiles) character file.

Game seed: 5008334411258033621

297 leafyfresh the Covert (level 6, -2/44 HPs)
             Began as an Octopode Delver on Mar 6, 2023.
             Succumbed to a water moccasin's poison
             ... in a sewer.
             The game lasted 00:02:50 (1482 turns).

leafyfresh the Covert (Octopode Delver)             Turns: 1482, Time: 00:02:51

Health: -2/44      AC:  1    Str: 12    XL:     6   Next: 35%
Magic:  6/6        EV: 14    Int: 14    God:
Gold:   100        SH:  0    Dex: 13    Spells: 5/5 levels left

rFire   . . .      SeeInvis .   a - +0 short sword
rCold   . . .      Faith    .   (no shield)
rNeg    . . .      Spirit   .   (helmet restricted)
rPois   .          Reflect  .   (no amulet)
rElec   .          Harm     .   (no ring)
rCorr   .          Rampage  .   (no ring)
Will    .....                   (no ring)
Stlth   ++++++....              (no ring)
HPRegen 0.14/turn               (no ring)
MPRegen 0.10/turn               (no ring)
                                (no ring)
                                (no ring)

@: brilliant, lethally poisoned (-2 -> -20)
A: almost no armour, amphibious, 8 rings, camouflage 1, gelatinous body 1,
nimble swimmer 1, tentacles
a: no special abilities


You were in a sewer.
You visited 1 branch of the dungeon, and saw 3 of its levels.
You also visited: Sewer.

You collected 100 gold pieces.

Inventory:

Hand Weapons
 a - a +0 short sword (weapon)
Missiles
 j - 3 stones (quivered)
Jewellery
 k - a ring of ice
Wands
 f - a wand of digging (3)
Scrolls
 b - a scroll of fog
 d - 2 scrolls of fear
 g - a scroll of teleportation {unknown}
 h - a scroll of silence {unknown}
 i - 2 scrolls of blinking {unknown}
Potions
 e - a potion of haste


   Skills:
 + Level 4.6 Fighting
 - Level 2.0 Short Blades
 + Level 4.0 Dodging
 + Level 8.4 Stealth


You had 5 spell levels left.
You didn't know any spells.
Your spell library contained the following spells:

 Spells                   Type           Power      Damage    Failure   Level
 Blink                    Tloc           0%         N/A       41%         2
 Gell's Gravitas          Tloc           0%         N/A       65%         3
 Lesser Beckoning         Tloc           0%         N/A       65%         3
 Teleport Other           Tloc           0%         N/A       65%         3
 Manifold Assault         Tloc           0%         N/A       100%        5
 Storm Form               Tmut/Air       0%         N/A       100%        7


Dungeon Overview and Level Annotations

Branches:
Dungeon (5/15)              Sewer (1/1)
 Temple: D:4-7

Altars:

Annotations:
D:3 Natasha, Robin


Innate Abilities, Weirdness & Mutations

You cannot wear most types of armour.
You are amphibious.
You can wear up to eight rings at the same time.
Your skin changes colour to match your surroundings (Stealth+).
Your rubbery body absorbs attacks. (AC +1, EV +1)
You are camouflaged when in or above water. (Stealth+)
You have tentacles for arms and can constrict up to eight enemies at once.


Message History

The water moccasin closely misses you.
You miss the water moccasin. Your grab misses the water moccasin.
The water moccasin misses you.
You hit the water moccasin but do no damage.
Your grab misses the water moccasin.
The water moccasin closely misses you. x2
You hit the water moccasin but do no damage.
Your grab misses the water moccasin. The water moccasin misses you.
You hit the water moccasin but do no damage.
Your grab misses the water moccasin. The water moccasin barely misses you.
You hit the water moccasin. Your grab misses the water moccasin.
The water moccasin is lightly wounded.
The water moccasin bites you! The water moccasin barely misses you.
You hit the water moccasin but do no damage.
Your grab misses the water moccasin. Your squeeze misses the water moccasin.
The water moccasin is lightly wounded.
The water moccasin bites you!
You are poisoned.
The water moccasin poisons you!
You hit the water moccasin. Your grab misses the water moccasin.
The water moccasin is lightly wounded.
You feel very sick. The water moccasin closely misses you.
The water moccasin bites you!
You are lethally poisoned!
The water moccasin poisons you!
You miss the water moccasin. Your grab misses the water moccasin.
The water moccasin is lightly wounded.
* * * LOW HITPOINT WARNING * * *
You feel extremely sick. The water moccasin bites you.
* * * LOW HITPOINT WARNING * * *
You hit the water moccasin. Your grab misses the water moccasin.
The water moccasin is lightly wounded.
* * * LOW HITPOINT WARNING * * *
You feel very sick.
The water moccasin completely misses you.
Unknown command.
Unknown command.
It was a potion of brilliance.
You feel clever all of a sudden.
You die...

# # # #### ##~#
##~# ##~# ########
.#~## ###......###
..~.#
###.~...@S...###
..~.#
###.~~~~####.....#
..~.###.~...###
###~..~~#
##~~....~..##
#.~....
..~~###....~#
.~.~## ..~.#
###.~~.~# ~##.$
#.~.# ###..~.~ ##
( ##~## ##.~..
##~# ####


You could see a water moccasin.

Vanquished Creatures
  A phantom (D:4)
  A scorpion (D:4)
  3 hounds
  An iguana (D:4)
  2 adders (D:4)
  2 worms (D:3)
  A dart slug (D:4)
  2 orcs
  2 ball pythons (D:4)
  An endoplasm (D:4)
  2 giant cockroaches
  5 goblins
  4 hobgoblins (D:3)
  3 jackals (D:4)
  A quokka (D:4)
  3 kobolds
34 creatures vanquished.

Notes
Turn   | Place    | Note
-------+----------+-------------------------------------------
     0 | D:5      | leafyfresh the Octopode Delver began the quest for the Orb.
     0 | D:5      | Reached XP level 1. HP: 16/16 MP: 1/1
    74 | D:5      | Noticed a hound
    82 | D:5      | Killed a hound
    83 | D:5      | Reached skill level 7 in Stealth
    83 | D:5      | Reached XP level 2. HP: 14/21 MP: 2/2
    83 | D:5      | Reached XP level 3. HP: 18/26 MP: 3/3
   220 | D:5      | Reached XP level 4. HP: 21/33 MP: 4/4
   454 | D:4      | Noticed a phantom
   464 | D:4      | Killed a phantom
   465 | D:4      | Reached XP level 5. HP: 21/37 MP: 5/5
   788 | D:4      | Reached skill level 8 in Stealth
   788 | D:4      | Reached XP level 6. HP: 27/44 MP: 6/6
  1260 | D:3      | Noticed Robin
  1260 | D:3      | Noticed Natasha
  1314 | D:3      | Found a glowing drain.
  1334 | Sewer    | Entered a sewer
  1466 | Sewer    | Noticed a water moccasin
  1481 | Sewer    | HP: 2/44 [poisoned by a water moccasin]
  1482 | Sewer    | Succumbed to a water moccasin's poison

Illustrated notes

Levels and vault maps discovered:
D:3:      layout_rooms, nicolae_gozag_seed_capital, cheibrodos_sewer_entry_bend,
          dreamdust_wishing_well, minmay_quantized, uniq_natasha, uniq_grinder,
          uniq_ijyb, uniq_robin
D:4:      layout_loops_ring, serial_park_tiny_pond,
          hangedman_decor_clover_reticule, uniq_sigmund
D:5:      layout_cave_pods, nicolae_overflow_hidden_temple
Sewer:    sewer_the_moccasin

Skill      XL: |  1  2  3  4  5  6 |
---------------+-------------------+-----
Stealth        | 7 8 |  8.4
Fighting       | 4 |  4.6
Dodging        | 3 4 |  4.0
Short Blades   | |  2.0

Action                   |  1- 3 |  4- 6 || total
-------------------------+-------+-------++-------
Melee: Short sword       |     9 |    95 ||   104
       Tentacles         |     3 |    13 ||    16
       Constrict         |     2 |    20 ||    22
       Punch             |     1 |     2 ||     3
Throw: Stone             |       |     2 ||     2
  Use: Scroll            |       |     1 ||     1
       Potion            |       |     1 ||     1
 Stab: Sleeping          |       |     6 ||     6
Armor: Skin              |     1 |     4 ||     5
Dodge: Dodged            |     5 |    60 ||    65
